 Dungeon Sprint DCSS version 0.26-a0-690-gcb57259078 (webtiles) character file.

Game seed: 6610802128263483552

1211 sahdkjhfkaj the Transmogrifier (level 8, -28/58 HPs)
             Began as an Octopode Transmuter on Oct 25, 2020.
             Was an Initiate of Gozag.
             Killed from afar by Josephine (40 damage)
             ... with a ghostly fireball
             ... in the Dungeon (Sprint VII: "The Pits").
             The game lasted 00:02:53 (1103 turns).

sahdkjhfkaj the Transmogrifier (OpTm)               Turns: 1103, Time: 00:02:54

Health: -28/58     AC:  1    Str: 12    XL:     8   Next: 46%
Magic:  2/11       EV: 15    Int: 15    God:    Gozag
Gold:   953        SH:  0    Dex: 12    Spells: 5/11 levels left

rFire    . . .     SeeInvis .     - Unarmed
rCold    . . .     Faith    .   (shield currently unavailable)
rNeg     . . .     Spirit   .   (helmet restricted)
rPois    .         Reflect  .   (no amulet)
rElec    .         Harm     .   (no ring)
rCorr    .         Rampage  .   (no ring)
MR       .....     NoTele   +   (no ring)
Stlth    ++........             (no ring)
HPRegen  0.19/turn              (no ring)
MPRegen  0.12/turn              (no ring)
                                (no ring)
                                (no ring)

@: blade tentacles (expiring), gold aura, stab, very slightly contaminated,
slowed, heavily drained, invisible, very slow
A: almost no armour, stealthy swim, amphibious, 8 rings, constrict 8, camouflage
1, gelatinous body 1
a: End Transformation, Potion Petition, Call Merchant, Bribe Branch, Renounce
Religion


You were in the Dungeon.
You worshipped Gozag.
Gozag was pleased with you.
You had blades for tentacles.
You visited 1 branch You collected 1656 gold pieces.
You paid 703 gold pieces to Gozag.

Inventory:

Wands
 k - a wand of random effects (10)
Scrolls
 g - a scroll of blinking
 h - 3 scrolls of remove curse
 i - 5 scrolls of amnesia
Potions
 a - 2 potions of invisibility {!q}
 b - 6 potions of curing {!q}
 c - 4 potions of heal wounds {!q}
 d - a potion of haste {!q}
 e - 4 potions of magic {!q}
 f - a potion of berserk rage {!q}


   Skills:
 + Level 6.3(5.0) Fighting
 + Level 6.6(5.3) Dodging
 + Level 10.5(9.0) Unarmed Combat
 - Level 2.0(0.8) Spellcasting
 - Level 12.2(10.6) Transmutations


You had 5 spell levels left.
You knew the following spells:

 Your Spells              Type           Power        Failure   Level
a - Beastly Appendage     Tmut           ####..       10%         1
A - Blade Hands           Tmut           ####......   43%         5

Your spell library contained the following spells:

 Spells                   Type           Power        Failure   Level
 Wereblood                Tmut           ####....     12%         2
 Spider Form              Tmut/Pois      ###.......   43%         3
 Ice Form                 Ice/Tmut       ###.....     71%         4


Dungeon Overview and Level Annotations

Branches:
Dungeon (1/1)

Altars:
Ashenzari
Cheibriados
Dithmenos
Elyvilon
Fedhas
Gozag
Hepliaklqana
Kikubaaqudgha
Makhleb
Nemelex Xobeh
Okawaru
Qazlal
Ru
Sif Muna
Trog
Uskayaw
Vehumet
Wu Jian
Xom
Yredelemnul
Zin
The Shining One
Beogh
Jiyva
Lugonu

Shops:
D }

Annotations:
D Josephine


Innate Abilities, Weirdness & Mutations

You cannot wear most types of armour.
You are very stealthy in the water. (Stealth+)
You are amphibious.
You can wear up to eight rings at the same time.
You can use your tentacles to constrict eight enemies at once.
Your skin changes colour to match your surroundings (Stealth+).
Your rubbery body absorbs attacks. (AC +1, EV +1)


Message History

Unknown command.
Unknown command.
Unknown command.
Unknown command.
Unknown command.
Your transformation is almost over.
Something hits your small abomination but does no damage.
Josephine barely misses your small abomination.
Your small abomination hits Josephine!!
The wraith hits your small abomination.
The wraith drains your small abomination's vigour!
Your small abomination seems to slow down.
Something hits your small abomination. Josephine casts a spell at you.
The ghostly flame explodes!
The ghostly fireball engulfs your small abomination.
Your small abomination completely resists.
The ghostly fireball engulfs you!!!
You feel drained.
Ouch! That really hurt!
You die...
Your body crumbles into a pile of gold.

#.#........##.......#
#)#........##.......#
#)###########.......#
#.)#.#.##.)##########
#..[....#)######
##.#.#.##)#....#
#...∩...#'#W...#
##.#.#.##Wx@...+
#.......#@#W...#
##.#.#..'[#....#
###############


You could see Josephine, 2 wraiths and a friendly small abomination (summoned,
slow).

Vanquished Creatures
  A red devil (D)
  A tarantella (D)
  An ice beast (D)
  An orc warrior (D)
  A black bear (D)
  2 necrophages (D)
  A wolf (D)
  2 orc priests (D)
  A gnoll shaman (D)
  Ijyb (D)
  An orc wizard (D)
  A worker ant (D)
  An adder (D)
  3 gnolls (D)
  A river rat (D)
  5 orcs (D)
  A ball python (D)
  A bat zombie (D)
  A goblin (D)
  3 jackals (D)
  A rat (D)
31 creatures vanquished.

Vanquished Creatures (collateral kills)
  A wraith (D)
1 creature vanquished.

Vanquished Creatures (others)
  A scorpion (D)
1 creature vanquished.

Grand Total: 33 creatures vanquished

Notes
Turn   | Place    | Note
-------+----------+-------------------------------------------
     0 | D        | sahdkjhfkaj the Octopode Transmuter began the quest for the
                  | Orb.
     0 | D        | Reached XP level 1. HP: 13/13 MP: 3/3
    77 | D        | Found a bloodstained altar of Trog.
    77 | D        | Found a shimmering blue altar of Sif Muna.
    77 | D        | Found a viscous altar of Jiyva.
    77 | D        | Found a hazy altar of Hepliaklqana.
    77 | D        | Found an opulent altar of Gozag.
    78 | D        | Found a glowing golden altar of the Shining One.
    78 | D        | Found a glowing silver altar of Zin.
    78 | D        | Found a basalt altar of Yredelemnul.
    78 | D        | Found a shimmering altar of Xom.
    78 | D        | Found an ornate altar of the Wu Jian Council.
    78 | D        | Found a sacrificial altar of Ru.
    78 | D        | Found a stormy altar of Qazlal.
    78 | D        | Found an iron altar of Okawaru.
    78 | D        | Found a sparkling altar of Nemelex Xobeh.
    78 | D        | Found a burning altar of Makhleb.
    78 | D        | Found a blossoming altar of Fedhas.
    78 | D        | Found a white marble altar of Elyvilon.
    78 | D        | Found a shadowy altar of Dithmenos.
    78 | D        | Found a snail-covered altar of Cheibriados.
    79 | D        | Found a radiant altar of Vehumet.
    79 | D        | Found a corrupted altar of Lugonu.
    79 | D        | Found a roughly hewn altar of Beogh.
    80 | D        | Found an ancient bone altar of Kikubaaqudgha.
    80 | D        | Found a hide-covered altar of Uskayaw.
    80 | D        | Found a broken altar of Ashenzari.
    82 | D        | Became a worshipper of Gozag Ym Sagoz the Greedy
   163 | D        | Reached skill level 5 in Unarmed Combat
   163 | D        | Reached XP level 2. HP: 18/18 MP: 3/5
   219 | D        | Noticed an ice beast
   225 | D        | Reached XP level 3. HP: 17/23 MP: 4/6
   550 | D        | Killed an ice beast
   550 | D        | Reached skill level 6 in Transmutations
   550 | D        | Reached XP level 4. HP: 22/28 MP: 5/7
   550 | D        | Reached XP level 5. HP: 26/33 MP: 5/8
   685 | D        | Learned a level 5 spell: Blade Hands
   695 | D        | Noticed a necrophage
   695 | D        | Noticed a necrophage
   696 | D        | Noticed a black bear
   696 | D        | Noticed a wolf
   697 | D        | Reached skill level 7 in Transmutations
   702 | D        | Reached skill level 8 in Transmutations
   706 | D        | Reached skill level 9 in Transmutations
   708 | D        | Reached XP level 6. HP: 31/38 MP: 4/9
   711 | D        | Killed a necrophage
   711 | D        | Reached skill level 10 in Transmutations
   716 | D        | Reached skill level 11 in Transmutations
   726 | D        | Killed a necrophage
   726 | D        | Reached skill level 12 in Transmutations
   726 | D        | Reached XP level 7. HP: 17/45 MP: 1/10
   913 | D        | Noticed Ijyb
   916 | D        | Killed Ijyb
   955 | D        | Noticed a tarantella
   957 | D        | Killed a tarantella
   957 | D        | Reached skill level 5 in Dodging
   966 | D        | Reached skill level 5 in Fighting
   966 | D        | Reached XP level 8. HP: 32/55 MP: 6/11
  1093 | D        | Noticed a red devil
  1093 | D        | Noticed Josephine
  1093 | D        | Noticed a wraith
  1093 | D        | Noticed a wraith
  1093 | D        | Noticed a wraith
  1094 | D        | Noticed a wraith
  1098 | D        | Killed a wraith
  1098 | D        | Reached skill level 10 in Unarmed Combat
  1102 | D        | Killed a red devil
  1103 | D        | Killed from afar by Josephine

Illustrated notes

Levels and vault maps discovered:
D:        pitsprint [storerooms_1, entrance_room_1, metal_vault_2, armoury_3,
          mini_pit_1, grid_room_1, main_hall_1, silver_pit, the_coven_3,
          the_vestibule_1, steel_vault_5, golden_pit, hallway_of_sentries,
          crystal_vault_2, iron_vault_4, final_vault]

Skill      XL: |  1  2  3  4  5  6  7  8 |
---------------+-------------------------+-----
Unarmed Combat | 5 6 8 9 10 | 10.5
Transmutations | 6 9 12 | 12.2
Fighting       | 2 5 6 |  6.3
Dodging        | 3 5 6 |  6.6
Spellcasting   | |  2.0

Action                   |  1- 3 |  4- 6 |  7- 9 || total
-------------------------+-------+-------+-------++-------
Melee: Unarmed           |    24 |    22 |    18 ||    64
       Kick              |     6 |       |       ||     6
       Constrict         |     5 |     6 |     6 ||    17
       Tentacles         |     4 |     3 |     6 ||    13
       Punch             |     1 |     1 |     2 ||     4
 Cast: Beastly Appendage |     5 |       |       ||     5
       Blade Hands       |       |     2 |     3 ||     5
Invok: Call Merchant     |       |       |     1 ||     1
       Potion Petition   |       |       |     1 ||     1
  Use: Potion            |     3 |     1 |       ||     4
       Scroll            |       |       |     1 ||     1
 Stab: Sleeping          |     1 |       |     3 ||     4
Armor: Skin              |     2 |       |     1 ||     3
Dodge: Dodged            |    24 |    11 |     8 ||    43

Table legend: (Time is in decaauts)
 A = Elapsed time spent in this place.
 B = Non-inter-level travel time spent in this place.
 C = Inter-level travel time spent in this place.
 D = Time resting spent in this place.
 E = Time spent auto-exploring this place.
 F = Levels seen in this place.
 G = Mean time per level.
                   A        B        C        D        E       F      G
               +--------+--------+--------+--------+--------+-----+--------+
         Total |   1117 |   1091 |     26 |    826 |      0 |   1 | 1117.0 |
       Dungeon |   1117 |   1091 |     26 |    826 |      0 |   1 | 1117.0 |
               +--------+--------+--------+--------+--------+-----+--------+

Top non-repeatable levels by time:
       D: 1117 daAuts
